 Dungeon Crawl Stone Soup version 0.28-a0-1213-g0243856f03 (webtiles) character file.

Game seed: 35150862003096473

9299 oldriver the Thaumaturge (level 11, -13/81 HPs)
             Began as a Djinni Air Elementalist on Dec 21, 2021.
             Was a Believer of Yredelemnul.
             Killed from afar by an ice dragon (64 damage)
             ... with a blast of cold
             ... on level 13 of the Dungeon.
             The game lasted 00:27:35 (15464 turns).

oldriver the Thaumaturge (Djinni Air Elementalist) Turns: 15464, Time: 00:27:36

Health: -13/81     AC: 17    Str:  7    XL:     11   Next: 71%
Gold:   662        EV: 10    Int: 24    God:    Yredelemnul [**....] SH:  0 Dex: 14

rFire   + + +      SeeInvis +   B - +10 battleaxe "Moloiv" {freeze, SInv}
rCold   x . .      Faith    .   (shield currently unavailable)
rNeg    . . .      Spirit   .   n - +3 ring mail {rF+}
rPois   ∞          Reflect  .   A - +2 helmet {Int+3}
rElec   .          Harm     .   y - +0 cloak
rCorr   .          Rampage  .   (no gloves)
Will    +....                   (boots unavailable)
Stlth   +.........              (no amulet)
HPRegen 0.23/turn               e - +4 ring of protection
MPRegen 0.00/turn               r - ring of wizardry

@: forested, flying
A: sickness immunity, fire resistance 2, cold vulnerability 1, float, innate
caster, hp casting, extra vitality 1
a: Renounce Religion, Recall Undead Harvest, Dark Bargain


You were on level 13 of the Dungeon.
You worshipped Yredelemnul.
Yredelemnul was noncommittal.
You visited 2 branches of the dungeon, and saw 12 of its levels.
You also visited: Sewer and Bailey.

You collected 662 gold pieces.

Inventory:

Hand Weapons
 w - a +6 war axe
 B - the +10 battleaxe "Moloiv" (weapon) {freeze, SInv}
   (You found it in a bailey)

   It freezes those it strikes, dealing additional cold damage.
   It can also slow down cold-blooded creatures.
   SInv:      It lets you see invisible.
Missiles
 h - 2 throwing nets
Armour
 n - a +3 ring mail of fire resistance (worn)
 y - a +0 cloak (worn)
 A - a +2 helmet of intelligence (worn)
 C - the +2 plate armour of Privacy {Fly rN++}
   (You found it in a bailey)

   rN:        It greatly protects you from negative energy.
   Fly:       It grants you flight.
Magical Staves
 x - a staff of conjuration
Jewellery
 e - a +4 ring of protection (left hand)
 r - a ring of wizardry (right hand)
 t - the ring of Plog {rPois rF+ rC- Int+6 Dex+8}
   (You acquired it on level 9 of the Dungeon)

   [ring of intelligence]

   Int:       It affects your intelligence (+6).
   Dex:       It affects your dexterity (+8).
   rF:        It protects you from fire.
   rC:        It makes you vulnerable to cold.
   rPois:     It protects you from poison.
Wands
 j - a wand of flame (2)
 m - a wand of mindburst (11)
Scrolls
 b - a scroll of fog
 o - 7 scrolls of teleportation
 p - 4 scrolls of immolation
 s - a scroll of blinking
 v - a scroll of enchant weapon
Potions
 a - a potion of flight
 c - 3 potions of heal wounds
 d - 5 potions of curing
 f - 3 potions of resistance
 g - 4 potions of might {unknown}
 i - a potion of berserk rage {unknown}
 k - a potion of invisibility {unknown}
 l - 3 potions of lignification {unknown}
 q - 4 potions of attraction {unknown}
 u - a potion of haste {unknown}
 z - a potion of mutation {unknown}


   Skills:
 * Level 8.0 Fighting
 - Level 0.5 Axes
 + Level 3.3 Armour
 + Level 2.1 Dodging
 + Level 2.2 Stealth
 + Level 11.9 Spellcasting


You had 9 spell levels left.
You knew the following spells:

 Your Spells              Type           Power      Damage    Failure   Level
a - Shock                 Conj/Air       100%       1d9       1%          1
b - Static Discharge      Conj/Air       64%        N/A       1%          2
c - Swiftness             Air            64%        N/A       1%          3
d - Airstrike             Air            32%        N/A       1%          4
e - Sandblast             Erth           100%       2d20      1%          1
f - Call Imp              Summ           64%        N/A       1%          2
g - Corpse Rot            Necr/Air       100%       N/A       1%          2
h - Animate Dead          Necr           32%        N/A       1%          4
i - Summon Forest         Summ/Tloc      32%        N/A       1%          5
Your spell library was empty.

Dungeon Overview and Level Annotations

Branches:
Dungeon (10/15)            Temple (1/1) D:7            Lair (0/6) D:9
    Orc (0/2) D:10          Sewer (visited)          Bailey (visited)

Altars:
Ashenzari
Cheibriados
Dithmenos
Elyvilon
Fedhas
Gozag
Hepliaklqana
Kikubaaqudgha
Makhleb
Nemelex Xobeh
Okawaru
Qazlal
Ru
Sif Muna
Trog
Uskayaw
Vehumet
Wu Jian
Xom
Yredelemnul
Zin
The Shining One

Shops:
D:1 !

Annotations:
D:4 3 runed translucent doors, elan's ghost, amateur OpTm


Innate Abilities, Weirdness & Mutations

You are immune to sickness and miasma.
You are immune to poison.
Your flesh is very heat resistant. (rF++)
You are vulnerable to cold. (rC-)
You float through the air rather than walking.
You learn spells naturally, not from books.
Your magical power is your life essence.
You have superior vitality. (+4 MHP)


Message History

You swap places.
Casting: Airstrike (safe; 1% risk of failure)
Confirm with . or Enter, or press ? or * to list all spells.
You need more open space to fit a forest.
You swap places.
A black bear comes into view.
The ogre mage shouts!
The black bear growls angrily.
The ogre mage gestures wildly while chanting.
The ogre mage flickers and vanishes for a moment.
You hear a shout!
Casting: Summon Forest (dangerous; 1% risk of failure)
Confirm with . or Enter, or press ? or * to list all spells.
A forested plane collides here with a resounding crunch!
Your dryad calls out to the forest.
The forest starts to sway and rumble!
You hear a deafening roar!
The tengu conjurer points at you and mumbles some strange words.
The bolt of lightning misses you.
The bolt of lightning hits your vampire mosquito zombie!!
The bolt of lightning hits your hornet zombie!!
The ice dragon bites your vampire mosquito zombie.
The ice dragon closely misses your vampire mosquito zombie.
The ice dragon tramples your vampire mosquito zombie!
Your vampire mosquito zombie is shoved backwards!
You swap places.
Branches wave dangerously above you.
The centaur warrior is waved at by a branch.
A root lunges up near the ice dragon.
A tree reaches out and hits the black bear!
The ogre mage is hit by a branch!
The centaur warrior shoots an arrow.
The arrow closely misses you.
The tengu conjurer mumbles some strange words.
The tengu conjurer conjures a globe of magical energy!
The centaur warrior shoots an arrow.
The arrow hits you!
Your vampire mosquito zombie bites the catoblepas but does no damage.
The ice dragon breathes frost at you. The blast of cold hits you!!!
You feel a terrible chill!
Ouch! That really hurt!
You die...
Your body rises from the dead as a mindless zombie.

..## ##.#Z# ..
...####....##########...
...'^........ZZ.........
...###......####........
..## #.#.#..# #.#####..
.## #.###..# #.♣ ## #
#### #.# # #Z♣ ####
#♣♣## . ♣#@♣# ....[
....♣ ....#D..#.....c
##♣.♣ #.Z.Rc♣ ♣♣#.#
##YZ.#♣ .##.# ....≈≈.
.##.# ....≈≈Q≈.. ....#
..♣##h*O#♣# ##♣.♣ .
♣.≈≈♣ ###.♣## !.≈.!


You could see an ice dragon (catching breath), a catoblepas, a centaur warrior,
an ogre mage (invisible), a tengu conjurer (ally target), a black bear, a
battlesphere, a friendly dryad (summoned), 2 friendly vampire mosquito zombies
and a friendly hornet zombie.

Vanquished Creatures
  Harold (D:9)
  2 orc knights (Bailey)
  Maggie (D:9)
  An efreet (D:10)
  2 kobold demonologists
  A hornet (shapeshifter) (D:13)
  A troll (D:8)
  Grinder (D:5)
  A wraith (D:9)
  2 yaks (D:8)
  A steam dragon (D:9)
  4 vampire mosquitoes
  7 orc warriors
  An ice beast (D:7)
  2 sky beasts (D:6)
  A black bear (D:4)
  2 centaurs
  9 kobold brigands
  4 bullfrogs
  A gnoll sergeant (D:8)
  A scorpion (D:6)
  2 wyvern zombies (D:5)
  4 killer bees
  7 wights
  5 hounds
  A bullfrog zombie (D:7)
  A centaur zombie (D:8)
  A jelly (D:4)
  2 bullfrog skeletons
  An iguana (D:6)
  2 orc wizards (D:9)
  2 howler monkey zombies
  6 adders
  4 gnolls (D:8)
  2 white imps
  An ufetubus (D:5)
  An adder skeleton (D:4)
  3 worms
  3 dart slugs
  16 orcs
  4 endoplasms
  6 giant cockroaches
  8 goblins
  12 hobgoblins
  2 jackals (D:2)
  22 kobolds
  6 quokkas
  6 ball pythons
  7 bats
  8 frilled lizards
  2 rats
193 creatures vanquished.

Vanquished Creatures (collateral kills)
  A gargoyle (D:8)
  A wyvern (D:9)
  2 yaks (D:8)
  3 vampire mosquitoes
  An orc warrior (Bailey)
  An ogre (D:4)
  A kobold brigand (D:6)
  3 killer bees
  3 wights
  A centaur zombie (D:6)
  A jelly (D:5)
  A centaur skeleton (D:7)
  A hound skeleton (D:5)
  A gnoll (D:8)
  A shadow imp (D:7)
  2 orcs (Bailey)
  2 kobolds
26 creatures vanquished.

Vanquished Creatures (others)
  A vampire mosquito zombie (D:10)
  A yak zombie (D:8)
  4 killer bee zombies
  6 kobold zombies (D:8)
  A gnoll zombie (D:8)
  4 orc zombies (Bailey)
  A plant (D:2)
18 creatures vanquished.

Grand Total: 237 creatures vanquished

Notes
Turn   | Place    | Note
-------+----------+-------------------------------------------
     0 | D:1      | oldriver the Djinni Air Elementalist began the quest for
                  | the Orb.
     0 | D:1      | Reached XP level 1. HP: 15/15 MP: 0/0
   246 | D:1      | Reached skill level 1 in Fighting
   246 | D:1      | Reached XP level 2. HP: 18/22 MP: 0/0
  1131 | D:1      | Reached XP level 3. HP: 24/28 MP: 0/0
  1131 | D:1      | Learned a level 1 spell: Sandblast
  1489 | D:1      | Found Nast's Distillery.
  1988 | D:2      | Reached skill level 3 in Spellcasting
  1988 | D:2      | Reached XP level 4. HP: 28/33 MP: 0/0
  2077 | D:2      | Found a blossoming altar of Fedhas.
  2153 | D:2      | Found a faded altar of an unknown god.
  2718 | D:3      | Found a snail-covered altar of Cheibriados.
  3201 | D:4      | Found a runed translucent gate.
  3202 | D:4      | Found a runed translucent gate.
  3211 | D:4      | Reached XP level 5. HP: 32/39 MP: 0/0
  3211 | D:4      | Learned a level 2 spell: Call Imp
  3212 | D:4      | Found a runed translucent gate.
  3229 | D:4      | Noticed elan's ghost (amateur OpTm)
  3379 | D:4      | Noticed a black bear
  3524 | D:4      | Found a glowing drain.
  3548 | Sewer    | Entered a sewer
  3706 | Sewer    | Reached skill level 4 in Spellcasting
  3979 | Sewer    | Reached XP level 6. HP: 44/45 MP: 0/0
  4562 | D:4      | Noticed an ogre
  4566 | D:4      | Killed an ogre
  4567 | D:4      | Reached XP level 7. HP: 39/50 MP: 0/0
  4567 | D:4      | Learned a level 2 spell: Corpse Rot
  4692 | D:4      | Reached skill level 5 in Spellcasting
  5197 | D:5      | Entered Level 5 of the Dungeon
  6122 | D:5      | Reached XP level 8. HP: 53/58 MP: 0/0
  6197 | D:5      | Noticed Grinder
  6205 | D:5      | Killed Grinder
  6206 | D:5      | Reached skill level 6 in Spellcasting
  7201 | D:6      | Reached skill level 7 in Spellcasting
  7329 | D:6      | Reached XP level 9. HP: 43/64 MP: 0/0
  7329 | D:6      | Learned a level 4 spell: Animate Dead
  7564 | D:6      | Reached skill level 5 in Fighting
  7783 | D:6      | Identified the +9 short sword of Qiymiqen {venom, rN+}
  8069 | D:7      | Reached skill level 8 in Spellcasting
  8278 | D:7      | Found a staircase to the Ecumenical Temple.
  8327 | Temple   | Entered the Ecumenical Temple
  8546 | Temple   | Became a worshipper of Yredelemnul the Dark
  9133 | D:8      | Reached * piety under Yredelemnul
  9138 | D:8      | Reached ** piety under Yredelemnul
  9800 | D:8      | Reached skill level 9 in Spellcasting
  9807 | D:8      | Reached XP level 10. HP: 20/72 MP: 0/0
 10279 | D:8      | Reached skill level 1 in Armour
 10431 | D:8      | Noticed a kobold demonologist
 10435 | D:8      | Killed a kobold demonologist
 10690 | D:8      | Noticed a gargoyle
 10708 | D:8      | Killed a gargoyle
 10709 | D:8      | Reached skill level 10 in Spellcasting
 11584 | D:9      | Identified a scroll of acquirement
 11584 | D:9      | Acquired the ring of Plog {rPois rF+ rC- Int+6 Dex+8}
 11640 | D:9      | Noticed Harold
 11655 | D:9      | Killed Harold
 11893 | D:9      | Noticed a kobold demonologist
 11899 | D:9      | Killed a kobold demonologist
 12058 | D:9      | Reached XP level 11. HP: 55/79 MP: 0/0
 12058 | D:9      | Learned a level 5 spell: Summon Forest
 12681 | D:9      | Found a staircase to the Lair.
 12884 | D:9      | Reached skill level 11 in Spellcasting
 12928 | D:9      | Noticed Maggie
 12936 | D:9      | Killed Maggie
 13236 | D:10     | Entered Level 10 of the Dungeon
 13284 | D:10     | Found a staircase to the Orcish Mines.
 13359 | D:10     | Found a flagged portal.
 13374 | Bailey   | Entered a bailey
 13790 | Bailey   | Noticed an orc knight
 13790 | Bailey   | Noticed an orc knight
 13801 | Bailey   | Killed an orc knight
 14028 | Bailey   | Killed an orc knight
 14580 | Bailey   | Identified the +10 battleaxe "Moloiv" {freeze, SInv}
 14585 | Bailey   | Identified the +2 plate armour of Privacy {Fly rN++}
 15179 | D:10     | You are sucked into a shaft and drop 3 floors!
 15459 | D:13     | Noticed an ice dragon
 15459 | D:13     | Noticed a centaur warrior
 15459 | D:13     | Noticed a catoblepas
 15459 | D:13     | Noticed an ogre mage
 15464 | D:13     | Killed from afar by an ice dragon

Illustrated notes

Levels and vault maps discovered:
D:1:      dpeg_arrival_connections, layout_rooms, serial_shops,
          nicolae_shop_stone
D:2:      layout_basic, shapermc_ecumenical_altar_mp_ritualfount, basic_altar
D:3:      layout_basic, mainiacjoe_overflow_24_doors
D:4:      layout_rooms, cheibrodos_sewer_entry_bend, gammafunk_ghost_split,
          lemuel_flame_loot_1
D:5:      layout_basic, uniq_grinder
D:6:      layout_gridville, grunt_ministairs_2
D:7:      layout_rooms, minmay_temple_entry_drinking_statues
D:8:      layout_basic, special_room [special_room_kobold]
D:9:      layout_loops_corners, lair_entry_dummy, uniq_maggie, uniq_harold
D:10:     layout_basic, enter_bailey_6
D:13:     minmay_crescents, layout_loops_corners
Temple:   kilobyte_greek_temple

Skill      XL: |  1  2  3  4  5  6  7  8  9 10 11 |
---------------+----------------------------------+-----
Fighting       | 1 2 3 4 5 7 8 |  8.0
Spellcasting   | 3 4 5 7 9 10 11 | 11.9
Armour         | 2 3 |  3.3
Stealth        | 2 |  2.2
Axes           | |  0.5
Dodging        | |  2.1

Action                   |  1- 3 |  4- 6 |  7- 9 | 10-12 || total
-------------------------+-------+-------+-------+-------++-------
Melee: Unarmed           |     2 |       |       |       ||     2
       Hand axe          |       |    12 |    13 |     5 ||    30
 Cast: Shock             |    90 |   102 |    68 |    41 ||   301
       Static Discharge  |       |     5 |     1 |     1 ||     7
       Airstrike         |       |     2 |    85 |   139 ||   226
       Call Imp          |       |     1 |    29 |    23 ||    53
       Summon Forest     |       |       |       |     7 ||     7
       Animate Dead      |       |       |       |     1 ||     1
Invok: Recall Undead Har |       |       |       |     2 ||     2
  Use: Scroll            |       |     7 |       |     7 ||    14
Armor: Robe              |     8 |    11 |    13 |       ||    32
       Ring mail         |       |       |     9 |    12 ||    21
Dodge: Dodged            |    18 |    21 |    38 |    17 ||    94

Table legend: (Time is in decaauts)
 A = Elapsed time spent in this place.
 B = Non-inter-level travel time spent in this place.
 C = Inter-level travel time spent in this place.
 D = Time resting spent in this place.
 E = Time spent auto-exploring this place.
 F = Levels seen in this place.
 G = Mean time per level.
                   A        B        C        D        E       F      G
               +--------+--------+--------+--------+--------+-----+--------+
         Total |  15470 |  15048 |    422 |   5789 |   7051 |  14 | 1105.0 |
       Dungeon |  12852 |  12484 |    368 |   4335 |   6544 |  11 | 1168.4 |
        Temple |    308 |    254 |     54 |      0 |    211 |   1 |  308.0 |
         Sewer |    968 |    968 |      0 |    723 |     90 |   1 |  968.0 |
        Bailey |   1341 |   1341 |      0 |    731 |    206 |   1 | 1341.0 |
               +--------+--------+--------+--------+--------+-----+--------+

Top non-repeatable levels by time:
     D:8: 2381 daAuts
     D:9: 1817 daAuts
     D:1: 1569 daAuts
  Bailey: 1341 daAuts
     D:5: 1308 daAuts
     D:6: 1274 daAuts
     D:4: 1266 daAuts
   Sewer: 968 daAuts
     D:2: 934 daAuts
     D:7: 722 daAuts
     D:3: 692 daAuts
    D:10: 601 daAuts
  Temple: 308 daAuts
    D:13: 284 daAuts
